 Dungeon Crawl Stone Soup version 0.22.0-16-gc6d26f69f9 (webtiles) character file.

139 Kniotic the Conjurer (level 4, -3/33 HPs)
             Began as a Demigod Conjurer on Aug 18, 2018.
             Blown up by Ijyb (17 damage)
             ... with a wand of disintegration (4)
             ... on level 3 of the Dungeon.
             The game lasted 00:01:45 (1838 turns).

Kniotic the Conjurer (Demigod Conjurer)             Turns: 1838, Time: 00:01:45

Health: -3/33      AC:  3    Str: 11    XL:     4   Next: 70%
Magic:  0/11       EV: 12    Int: 21    God:
Gold:   104        SH:  0    Dex: 16    Spells: 8/9 levels left

rFire    . . .     SeeInvis .   (no weapon)
rCold    . . .     Gourm    .   (no shield)
rNeg     . . .     Faith    .   a - +0 robe
rPois    .         Spirit   .   (no helmet)
rElec    .         Reflect  .   (no cloak)
rCorr    .         Harm     .   (no gloves)
MR       .....                  g - +0 pair of boots
Stlth    ++........             (no amulet)
HPRegen  0.11/turn              (no ring)
MPRegen  0.12/turn              (no ring)

@: no status effects
A: high mp 1
a: no special abilities


You were on level 3 of the Dungeon.
You were not hungry.

You visited 1 branch of the dungeon, and saw 3 of its levels.

You collected 104 gold pieces.

Inventory:

Armour
 a - a +0 robe (worn)
 g - a +0 pair of boots (worn)
Jewellery
 k - a +5 ring of dexterity {unknown}
 q - a cursed ring of see invisible {unknown}
Scrolls
 d - a scroll of remove curse {unknown}
 e - a scroll of amnesia {unknown}
 f - a scroll of fog {unknown}
 h - 3 scrolls of enchant armour {unknown}
 j - a scroll of noise {unknown}
 l - 2 scrolls of identify {unknown}
Potions
 b - 2 potions of might {unknown}
 i - a potion of haste {unknown}
 m - a potion of brilliance {unknown}
 n - a potion of curing {unknown}
 o - 3 potions of berserk rage {unknown}
Comestibles
 c - 5 rations
 p - 3 chunks of flesh


   Skills:
 - Level 1.7 Dodging
 - Level 1.7 Stealth
 + Level 3.3 Spellcasting
 + Level 4.8 Conjurations


You had 8 spell levels left.
You knew the following spells:

 Your Spells              Type           Power        Failure   Level  Hunger
a - Magic Dart            Conj           ###.         1%          1    None

Your spell library contained the following spells:

 Spells                   Type           Power        Failure   Level  Hunger
 Iskenderun's Mystic Bla  Conj           ###.....     17%         4    ####...
 Fulminant Prism          Conj/Hex       ##........   43%         4    ####...
 Dazzling Spray           Conj/Hex       ##....       14%         3    ###....
 Force Lance              Conj/Tloc      ##......     43%         4    ####...
 Searing Ray              Conj           ###...       2%          2    ##.....


Dungeon Overview and Level Annotations

Branches:
Dungeon (3/15)

Annotations:
D:3 Ijyb


Innate Abilities, Weirdness & Mutations

You have an increased reservoir of magic. (+10% MP)


Message History

Casting: Magic Dart (safe; 1% risk of failure)
Confirm with . or Enter, or press ? or * to list all spells.
Aiming: Magic Dart (safe; 1% risk of failure)
Press: ? - help, Shift-Dir - straight line, f/p - Ijyb
Aim: Ijyb, wearing a leather armour and carrying a wand of disintegration (6) (almost dead)
The magic dart hits Ijyb.
Ijyb is almost dead.
Ijyb zaps a wand.
You are blasted!
Casting: Magic Dart (safe; 1% risk of failure)
Confirm with . or Enter, or press ? or * to list all spells.
Aiming: Magic Dart (safe; 1% risk of failure)
Press: ? - help, Shift-Dir - straight line, f/p - Ijyb
Aim: Ijyb, wearing a leather armour and carrying a wand of disintegration (5) (almost dead)
The magic dart hits Ijyb.
Ijyb is almost dead.
Ijyb grins evilly.
Ijyb zaps a wand.
You barely resist.
Ijyb zaps a wand.
You are blasted!
Ouch! That really hurt!
You die...

#.##.##.#
#.......#
####.#### #.#
#.########.
#..........
#..#######. #g.#
#@># #..#####
#......#
#.####.#######.
#.###..........
###..............
...†....)########
########(# #.#


You could see Ijyb.

Vanquished Creatures
  An orc priest (D:3)
  Jessica (D:2)
  5 adders (D:2)
  A worm (D:2)
  A leopard gecko (D:2)
  4 orcs (D:3)
  A giant cockroach (D:1)
  3 goblins
  6 hobgoblins
  3 kobolds
  3 bats
  3 frilled lizards (D:1)
  3 rats
35 creatures vanquished.

Notes
Turn   | Place    | Note
-------+----------+-------------------------------------------
     0 | D:1      | Kniotic the Demigod Conjurer began the quest for the Orb.
     0 | D:1      | Reached XP level 1. HP: 14/14 MP: 5/5
   619 | D:1      | Reached XP level 2. HP: 20/20 MP: 1/7
   890 | D:2      | Reached skill level 4 in Conjurations
   976 | D:2      | Reached XP level 3. HP: 26/26 MP: 0/9
   977 | D:2      | Found an iron altar of Okawaru.
  1305 | D:2      | Noticed Jessica
  1308 | D:2      | Killed Jessica
  1308 | D:2      | Reached XP level 4. HP: 33/33 MP: 5/11
  1817 | D:3      | Noticed Ijyb
  1838 | D:3      | Blown up by Ijyb

Skill      XL: |  1  2  3 |
---------------+----------+-----
Spellcasting   | 2 3 |  3.3
Conjurations   | 4 |  4.8
Dodging        | |  1.7
Stealth        | |  1.7

Action                   |  1- 3 |  4- 6 || total
-------------------------+-------+-------++-------
Melee: Unarmed           |       |     2 ||     2
 Cast: Magic Dart        |    56 |    36 ||    92
  Eat: Chunk             |     1 |     2 ||     3
Armor: Robe              |       |     2 ||     2
Dodge: Dodged            |     2 |     6 ||     8
